 Dungeon Crawl Stone Soup version 0.25.1-1-g288607f (webtiles) character file.

Game seed: 1547710023134773125

43 Gadfly the Insei (level 3, -1/28 HPs)
             Began as a Draconian Transmuter on July 21, 2020.
             Killed from afar by Sigmund (2 damage)
             ... with a puff of flame
             ... on level 2 of the Dungeon.
             The game lasted 00:01:41 (1163 turns).

Gadfly the Insei (Draconian Transmuter)             Turns: 1163, Time: 00:01:42

Health: -1/28      AC:  7    Str: 12    XL:     3   Next: 37%
Magic:  5/6        EV: 12    Int: 13    God:
Gold:   70         SH:  0    Dex: 14    Spells: 0/6 levels left

rFire    . . .     SeeInvis .     - Unarmed
rCold    . . .     Gourm    .   (no shield)
rNeg     . . .     Faith    .   (armour unavailable)
rPois    .         Spirit   .   (helmet restricted)
rElec    .         Reflect  .   (no cloak)
rCorr    .         Harm     .   (no gloves)
MR       +....                  i - +0 pair of boots
Stlth    +.........             (no amulet)
HPRegen  0.09/turn              (no ring)
MPRegen  0.10/turn              (no ring)

@: appendage
A: unfitting armour, horns 2, agile 1, magic resistance 1, shaggy fur 1,
cold-blooded, AC +5
a: End Transformation


You were on level 2 of the Dungeon.
You were not hungry.
You had grown temporary horns.
You visited 1 branch of the dungeon, and saw 2 of its levels.

You collected 70 gold pieces.

Inventory:

Missiles
 a - 12 arrows
Armour
 i - a +0 pair of boots (worn)
Scrolls
 b - a scroll of noise {unknown}
 e - a scroll of enchant armour {unknown}
 f - 2 scrolls of identify
 h - a scroll of enchant weapon {unknown}
Potions
 g - a potion of brilliance
 j - a potion of mutation
Comestibles
 c - 2 rations
 d - 4 chunks of flesh


   Skills:
 + Level 1.4 Fighting
 * Level 2.2 Dodging
 * Level 3.3 Unarmed Combat
 * Level 2.4 Spellcasting
 * Level 2.5 Transmutations


You couldn't memorise any spells.
You knew the following spells:

 Your Spells              Type           Power        Failure   Level  Hunger
a - Beastly Appendage     Tmut           #.....       9%          1    #......
b - Sticks to Snakes      Tmut           #.......     13%         2    ###....
c - Spider Form           Tmut/Pois      #.........   41%         3    ###....

Your spell library contained the following spells:

 Spells                   Type           Power        Failure   Level  Hunger
 Ice Form                 Ice/Tmut       #.......     82%         4    #####..
 Blade Hands              Tmut           #.........   94%         5    ######.


Dungeon Overview and Level Annotations

Branches:
Dungeon (2/15)

Altars:

Annotations:
D:2 Sigmund


Innate Abilities, Weirdness & Mutations

Your plain brown scales are hard. (AC +5)
You cannot fit into any form of body armour.
You are cold-blooded and may be slowed by cold attacks.
You have a pair of horns on your head.
You are agile. (Dex +2)
You are resistant to hostile enchantments. (MR+)
You are covered in fur. (AC +1)


Message History

You are too injured to fight recklessly!
You are too injured to fight recklessly!
A magic dart appears from out of thin air!
The magic dart hits you.
* * * LOW HITPOINT WARNING * * *
Casting: Beastly Appendage (safe; 9% risk of failure)
Confirm with . or Enter, or press ? or * to list all spells.
You extend your transformation's duration.
You hit the rat.
You kill the rat!
Something hits you.
* * * LOW HITPOINT WARNING * * *
You see here a rat corpse.
It was a potion of mutation.
You feel extremely strange.
You feel agile. Fur sprouts all over your body.
You feel resistant to hostile enchantments.
You hear some strange, mumbled words.
A puff of flame appears from out of thin air!
The puff of flame hits you.
You die...

. .. .........#
..#....#.#
#......##
#..#....##
..#.###..##...#
.........)(...#
.#.###.#######
. #.#
....###@###
......{...#
......)....#
##..........#
#....!.....#
#..........#
#..........#
#..........#
##........##


There were no monsters in sight!

Vanquished Creatures
  2 dart slugs
  An orc (D:2)
  5 bats (D:1)
  6 giant cockroaches (D:1)
  4 goblins
  5 hobgoblins
  2 kobolds
  4 frilled lizards
  6 rats
35 creatures vanquished.

Notes
Turn   | Place    | Note
-------+----------+-------------------------------------------
     0 | D:1      | Gadfly the Draconian Transmuter began the quest for the
                  | Orb.
     0 | D:1      | Reached XP level 1. HP: 16/16 MP: 3/3
   195 | D:1      | Reached XP level 2. HP: 18/23 MP: 5/5
   863 | D:1      | Reached XP level 3. HP: 28/28 MP: 4/6
   989 | D:1      | Learned a level 2 spell: Sticks to Snakes
   993 | D:1      | Learned a level 3 spell: Spider Form
  1145 | D:2      | Noticed Sigmund
  1161 | D:2      | HP: 1/28 [something (5)]
  1163 | D:2      | Gained mutation: You are agile. (Dex +2) [potion of
                  | mutation]
  1163 | D:2      | Gained mutation: You are covered in fur. (AC +1) [potion of
                  | mutation]
  1163 | D:2      | Gained mutation: You are resistant to hostile enchantments.
                  | (MR+) [potion of mutation]
  1163 | D:2      | Killed from afar by Sigmund

Illustrated notes

Levels and vault maps discovered:
D:1:      minmay_arrival_five_plusses, layout_basic, minmay_worlds_worst_comb
D:2:      layout_rooms, grunt_dithmenos_smoke_and_mirrors, first_ration,
          uniq_sigmund

Skill      XL: |  1  2 |
---------------+-------+-----
Dodging        | 2 |  2.2
Fighting       | |  1.4
Unarmed Combat | |  3.3
Spellcasting   | |  2.4
Transmutations | |  2.5

Action                   || total
-------------------------++-------
Melee: Unarmed           ||    93
       Tailslap          ||     7
       Kick              ||     2
       Headbutt          ||     7
 Cast: Beastly Appendage ||    18
  Use: Scroll            ||     1
       Potion            ||     1
  Eat: Chunk             ||     1
Armor: Skin              ||    32
Dodge: Dodged            ||    73
